 Dungeon Crawl Stone Soup version 0.15-a0-1646-g393eda0 (webtiles) character file.

92 Nikss the Ruinous (level 4, -4/34 HPs)
             Began as a Draconian Conjurer on June 22, 2014.
             Slain by an iron imp (7 damage)
             ... summoned by Natasha
             ... on Level 3 of the Dungeon.
             The game lasted 00:21:34 (3032 turns).

Nikss the Ruinous (Draconian Conjurer)              Turns: 3032, Time: 00:21:34

HP  -4/34        AC  5     Str 10      XL: 4   Next: 35%
MP   2/8         EV 13     Int 16      God:
Gold 41          SH  0     Dex 12      Spells:  1 memorised,  7 levels left

rFire  . . .     SeeInvis .     j - +1 dagger
rCold  . . .     Rnd*Rage +     (armour unavailable)
rNeg   . . .     rCorr    .     (no shield)
rPois  +         rRot     .     (helmet restricted)
rElec  .         Spirit   .     (no cloak)
SustAb .         Warding  .     (no gloves)
rMut   .         Stasis   .     (no boots)
Gourm  .                        (no amulet)
MR     .....                    (no ring)
                                (no ring)

@: not resistant to hostile enchantments, unstealthy
A: unfitting armour, berserk 1, poison resistance, screaming 1, cold-blooded, AC
+5
a: no special abilities


You were on level 3 of the Dungeon.
You were not hungry.

You visited 1 branch of the dungeon, and saw 3 of its levels.

You collected 41 gold pieces.

Inventory:

Hand weapons
 d - a +0 club
 e - a +0 club
 j - a +1 dagger (weapon)
 l - a +0 dagger
 n - a +0 club
 r - a +0 dagger
 s - a +0 club
 u - a +2 dagger
 x - a +2 dagger
 A - a +0 dagger
 B - a +0 dagger
 G - a +0 mace
 K - a cursed +0 whip
Missiles
 g - 17 bolts
 o - 14 arrows of flame
 q - 52 sling bullets
 w - 2 curare-tipped needles
 E - 30 arrows
 M - 24 stones (quivered)
Armour
 f - a +0 robe
 k - a +0 ring mail
 m - a +0 plate armour
 p - a +0 robe
 v - a +0 robe
 J - a +1 pair of gloves
Comestibles
 a - 5 fruits
 b - a bread ration
 z - 2 meat rations
 I - a beef jerky
Scrolls
 i - a scroll of noise
 y - a scroll of immolation
 C - a scroll of identify
 D - 2 scrolls of teleportation {unknown}
 L - a scroll of fog
Potions
 h - a potion of paralysis
Books
 c - a book of Conjurations

   Spells                             Type                      Level
   *Magic Dart                        Conjuration                  1
   Searing Ray                        Conjuration                  2
   Dazzling Spray                     Conjuration/Hexes            3
   Fulminant Prism                    Conjuration/Hexes            4
   Iskenderun's Mystic Blast          Conjuration                  4
   Iskenderun's Battlesphere          Conjuration/Charms           5


   Skills:
 + Level 0.4 Fighting
 + Level 3.0 Dodging
 + Level 1.8 Stealth
 + Level 2.5 Spellcasting
 + Level 4.7 Conjurations


You had 7 spell levels left.
You knew the following spells:

 Your Spells              Type           Power        Failure   Level  Hunger
a - Magic Dart            Conj           ###.         3%          1    #......


Dungeon Overview and Level Annotations

Branches:
Dungeon (3/15)

Altars:
Cheibriados
Okawaru

Annotations:
D:3 Natasha


Innate Abilities, Weirdness & Mutations

Your plain brown scales are hard (AC +5).
Your body does not fit into most forms of armour.
Your cold-blooded metabolism reacts poorly to cold.
You tend to lose your temper in combat.
Your system is resistant to poisons.
You occasionally shout uncontrollably at your foes.


Message History

The magic dart hits you! Natasha casts a spell at you. The magic dart hits you!
Natasha stares at you and mumbles some strange words.
You resist.
Natasha casts a spell.
Your magical contamination has completely faded away.
The crimson imp blinks!
Natasha barely misses you.
You feel yourself speed up. Natasha casts a spell at you. You resist.
Natasha mumbles some strange words.
Casting: Magic Dart
Confirm with . or Enter, or press ? or * to list all spells.
You don't know that spell.
The iron imp hits you!
* * * LOW HITPOINT WARNING * * *
Natasha mumbles some strange words.
The iron imp hits you!
You die...

##############.#
#..............#
######
#.############.#
#..%.# #.# #.#
#.##.# #.#
#.###.##.# #.#
#.....##.# #.#
###############.#
#.#
#.5h.55.......#'##
#.#
#@##########......
#.# #.# #......
#.#####.#####.#
#......
#.............#
#......
#######'#####.#
##'#... #........#
#.#### #........#
#.# # #........#
#. # #........# #


You could see an iron imp, Natasha and 2 crimson imps.

Vanquished Creatures
  Natasha (D:3)
  2 adders
  An ooze (D:2)
  2 ball pythons (D:2)
  2 giant cockroaches
  6 hobgoblins
  5 jackals
  3 quokkas (D:2)
  8 bats
  A giant gecko (D:2)
  3 giant newts
  A goblin (D:2)
  A hobgoblin skeleton (D:3)
  6 kobolds
  8 rats
50 creatures vanquished.

Notes
Turn   | Place    | Note
--------------------------------------------------------------
     0 | D:1      | Nikss, the Draconian Conjurer, began the quest for the Orb.
     0 | D:1      | Reached XP level 1. HP: 14/14 MP: 3/3
   303 | D:1      | Paralysed by a potion of paralysis for 7 turns
   413 | D:1      | Reached XP level 2. HP: 20/20 MP: 0/4
  1386 | D:2      | Reached XP level 3. HP: 20/26 MP: 1/6
  2230 | D:2      | Found a snail-covered altar of Cheibriados.
  2230 | D:2      | Found an iron altar of Okawaru.
  2661 | D:3      | Noticed Natasha
  2668 | D:3      | Killed Natasha
  2668 | D:3      | Reached XP level 4. HP: 13/34 MP: 0/8
  2903 | D:3      | Gained mutation: You tend to lose your temper in combat. [potion of mutation]
  2903 | D:3      | Gained mutation: You occasionally shout uncontrollably at your foes. [potion of mutation]
  2906 | D:3      | Gained mutation: Your system is resistant to poisons. [potion of beneficial mutation]
  3007 | D:3      | Noticed Natasha
  3032 | D:3      | Slain by an iron imp

Action                   |  1- 3 |  4- 6 || total
-------------------------+-------+-------++-------
Melee: Unarmed           |    16 |       ||    16
       Dagger            |    44 |       ||    44
 Cast: Magic Dart        |    78 |    23 ||   101
  Use: Potion            |     5 |     5 ||    10
       Scroll            |     6 |       ||     6
